 Dungeon Crawl Stone Soup version 0.30-a0-772-g5528072125 (webtiles) character file.

Game seed: 17958250607546563849

431 mopl the Vexing (level 6, -1/32 HPs)
             Began as a Deep Elf Enchanter on Feb 10, 2023.
             Was a Follower of Dithmenos.
             Killed from afar by an orc wizard (11 damage)
             ... with a puff of flame
             ... on level 5 of the Dungeon on Feb 12, 2023.
             The game lasted 00:06:17 (3578 turns).

mopl the Vexing (Deep Elf Enchanter)                Turns: 3578, Time: 00:06:17

Health: -1/32      AC:  2    Str:  5    XL:     6   Next: 67%
Magic:  15/15      EV: 13    Int: 22    God:    Dithmenos [*.....]
Gold:   269        SH:  0    Dex: 21    Spells: 4/15 levels left

rFire   . . .      SeeInvis .    a - +1 dagger
rCold   . . .      Faith    .    (no shield)
rNeg    . . .      Spirit   .    b - +0 robe
rPois   +          Reflect  .    (no helmet)
rElec   .          Harm     .    (no cloak)
rCorr   .          Rampage  .    (no gloves)
Will    .....                    (no boots)
Stlth   ++                       (no amulet)
HPRegen 0.25/turn                d - +6 ring of dexterity
MPRegen 0.14/turn                s - ring of poison resistance

@: confused, wreathed by umbra
A: no striking features
a: Renounce Religion


You were on level 5 of the Dungeon.
You worshipped Dithmenos.
Dithmenos was aware of your devotion.
You visited 1 branch of the dungeon, and saw 5 of its levels.

You collected 269 gold pieces.

Inventory:

Hand Weapons
 a - a +1 dagger (weapon)
Armour
 b - a +0 robe (worn)
Jewellery
 d - a +6 ring of dexterity (left hand)
 m - a +6 ring of strength
 s - a ring of poison resistance (right hand)
Scrolls
 e - 3 scrolls of vulnerability {unknown}
 f - 2 scrolls of magic mapping {unknown}
 g - 2 scrolls of teleportation {unknown}
 j - 3 scrolls of fog {unknown}
 k - a scroll of amnesia {unknown}
 l - 2 scrolls of enchant armour {unknown}
 n - a scroll of acquirement {unknown}
Potions
 c - 2 potions of invisibility
 h - 2 potions of flight
 o - 2 potions of haste
 p - a potion of brilliance
 q - 2 potions of mutation {!q}
 t - a potion of magic {unknown}
 u - a potion of attraction {unknown}
 v - a potion of resistance {unknown}
 w - 4 potions of curing {unknown}
 x - 2 potions of lignification {unknown}


   Skills:
 + Level 3.3 Short Blades
 - Level 2.4 Dodging
 + Level 5.6 Stealth
 + Level 5.3 Spellcasting
 + Level 5.9 Hexes
 + Level 1.7 Invocations


You had 4 spell levels left.
You knew the following spells:

 Your Spells              Type           Power      Damage    Failure   Level
b - Ensorcelled Hibernat  Hex/Ice        36%        N/A       4%          2
c - Confusing Touch       Hex            32%        N/A       2%          3
d - Tukima's Dance        Hex            32%        N/A       2%          3
f - Dazzling Flash        Conj/Hex       36%        N/A       9%          3

Your spell library contained the following spells:

 Spells                   Type           Power      Damage    Failure   Level
 Sublimation of Blood     Necr           5%         N/A       16%         2
 Petrify                  Tmut/Erth      5%         N/A       69%         4
 Irradiate                Conj/Tmut      2%         3d12      95%         5


Dungeon Overview and Level Annotations

Branches:
Dungeon (5/15)             Temple (0/1) D:5

Altars:
Cheibriados
Dithmenos
Elyvilon
Hepliaklqana


Message History

You are confused.
You hear some strange, mumbled words.
Something tries to affect you, but you resist.
You miss the orc. The orc hits you with a +0 flail. Something hits you.
You miss something. Something hits you. The orc misses you. Something hits you.
You feel less confused.
You hear some strange, mumbled words.
You are confused.
The orc closely misses you. The orc attacks as you move away!
The orc misses you. Something hits you. The orc misses you.
You miss something.
You hear some strange, mumbled words.
You are more confused.
The orc barely misses you.
An orc wizard appears from thin air!
Reactivating autopickup.
You bump into the rock wall.
You are too injured to fight recklessly!
You're too confused to cast spells.
You bump into the rock wall.
The orc wizard closely misses you.
The orc wizard points at you and mumbles some strange words.
You are more confused.
Unknown command.
Unknown command.
Unknown command.
Unknown command.
Unknown command.
Unknown command.
Press: ? - help, v - describe, . - travel
Here: an orc wizard, wielding a +2 dagger of speed and wearing a +0 leather armour (umbra)
The floor.
The orc wizard hits you with a +2 dagger of speed.
The orc wizard gestures at you while chanting.
The magic dart hits you. The orc wizard closely misses you.
The orc wizard closely misses you. The orc wizard casts a spell at you.
The puff of flame hits you!
You die...

## ##....#.##
###.#..#####..##. .#
##.....##.####.###........#..
##......##......# ##..........
..........##......#
#.######...
##.......)#..####.####..#
##.## #..#........# #..##...#
##..##
#..##.(....#####.......###..##
##....#.......##..####.......#
##............oo@.## ##......#
..........#######.# #..[....#
...........# #..# #.#####..#
...........# #..# #.## ...
...........## ##.# #.. ..#
..##......... .. #.# .##
..##......... .....
..##......## ... ..##......#


You could see an orc wizard and an orc.

Vanquished Creatures
  A black bear (D:5)
  2 hounds
  Jessica (D:3)
  2 iguanas (D:5)
  3 adders
  7 gnolls (D:3)
  A white imp (D:5)
  A worm (D:3)
  2 dart slugs
  4 orcs
  5 ball pythons
  4 bats
  6 endoplasms
  6 giant cockroaches
  6 goblins
  11 hobgoblins
  4 quokkas
  6 frilled lizards
  7 kobolds
  5 rats
  A spectral orc (D:3)
85 creatures vanquished.

Vanquished Creatures (collateral kills)
  A gnoll (D:3)
1 creature vanquished.

Grand Total: 86 creatures vanquished

Notes
Turn   | Place    | Note
-------+----------+-------------------------------------------
     0 | D:1      | mopl the Deep Elf Enchanter began the quest for the Orb.
     0 | D:1      | Reached XP level 1. HP: 10/10 MP: 6/6
   120 | D:1      | Reached XP level 2. HP: 15/15 MP: 8/8
   123 | D:1      | Learned a level 2 spell: Ensorcelled Hibernation
   186 | D:1      | Reached skill level 4 in Stealth
   393 | D:1      | Reached XP level 3. HP: 19/19 MP: 8/10
   397 | D:1      | Learned a level 3 spell: Confusing Touch
   401 | D:1      | Learned a level 3 spell: Tukima's Dance
   785 | D:2      | Found a faded altar of an unknown god.
   995 | D:2      | Found a snail-covered altar of Cheibriados.
  1250 | D:3      | Found a hazy altar of Hepliaklqana.
  1516 | D:3      | Found a white marble altar of Elyvilon.
  1623 | D:3      | Reached skill level 2 in Short Blades
  1623 | D:3      | Reached skill level 4 in Spellcasting
  1625 | D:3      | Reached XP level 4. HP: 12/24 MP: 4/12
  1697 | D:3      | Found a shadowy altar of Dithmenos.
  1705 | D:3      | Became a worshipper of Dithmenos the Shadowed
  1749 | D:3      | Reached skill level 5 in Hexes
  1940 | D:3      | Reached XP level 5. HP: 28/28 MP: 10/13
  2024 | D:3      | Learned a level 3 spell: Dazzling Flash
  2109 | D:3      | Noticed Jessica
  2117 | D:3      | Killed Jessica
  2118 | D:3      | Reached skill level 5 in Stealth
  2547 | D:4      | Upgraded the game from 0.30-a0-760-g5a9884bb7c to
                  | 0.30-a0-772-g5528072125
  3098 | D:5      | Entered Level 5 of the Dungeon
  3101 | D:5      | Found a staircase to the Ecumenical Temple.
  3174 | D:5      | Noticed a black bear
  3181 | D:5      | Killed a black bear
  3182 | D:5      | Reached skill level 3 in Short Blades
  3182 | D:5      | Reached skill level 5 in Spellcasting
  3182 | D:5      | Reached skill level 1 in Invocations
  3182 | D:5      | Reached XP level 6. HP: 30/32 MP: 10/15
  3278 | D:5      | Reached * piety under Dithmenos
  3578 | D:5      | Killed from afar by an orc wizard

Illustrated notes

Levels and vault maps discovered:
D:1:      nicolae_arrival_memento_mori, layout_loops_ring
D:2:      layout_loops_ring, hellmonk_ecumenical_altar_heavens_door,
          basic_altar, serial_bayou_pond_a
D:3:      layout_loops_corners, nicolae_dithmenos_shadow_blocks,
          nicolae_hepliaklqana_monster_ancestors, mainiacjoe_overflow_paths,
          kennysheep_jessica_study
D:4:      layout_basic
D:5:      layout_layer_cave, mainiacjoe_overflow_surrounded_room,
          grunt_temple_overflow_open, minmay_temple_entry_slanted,
          kennysheep_doodads

Skill      XL: |  1  2  3  4  5 |
---------------+----------------+-----
Stealth        | 4 5 |  5.6
Short Blades   | 2 3 |  3.3
Spellcasting   | 4 5 |  5.3
Hexes          | 5 |  5.9
Invocations    | 1 |  1.7
Dodging        | |  2.4

Action                     |  1- 3 |  4- 6 || total
---------------------------+-------+-------++-------
  Melee: Dagger            |   102 |    80 ||   182
         Punch             |     1 |       ||     1
   Cast: Ensorcelled Hiber |    10 |    25 ||    35
         Confusing Touch   |     1 |     1 ||     2
         Tukima's Dance    |       |     2 ||     2
    Use: Scroll            |       |     5 ||     5
   Stab: Sleeping          |    29 |    23 ||    52
         Distracted        |       |     1 ||     1
         Confused          |       |     1 ||     1
 Armour: Robe              |    10 |     3 ||    13
  Dodge: Dodged            |    49 |    51 ||   100

Table legend: (Time is in decaauts)
 A = Elapsed time spent in this place.
 B = Non-inter-level travel time spent in this place.
 C = Inter-level travel time spent in this place.
 D = Time resting spent in this place.
 E = Time spent auto-exploring this place.
 F = Levels seen in this place.
 G = Mean time per level.
                   A        B        C        D        E       F      G
               +--------+--------+--------+--------+--------+-----+--------+
         Total |   3558 |   3482 |     76 |    241 |   2531 |   5 |  711.6 |
       Dungeon |   3558 |   3482 |     76 |    241 |   2531 |   5 |  711.6 |
               +--------+--------+--------+--------+--------+-----+--------+

Top non-repeatable levels by time:
     D:3: 1238 daAuts
     D:1: 666 daAuts
     D:4: 612 daAuts
     D:2: 563 daAuts
     D:5: 477 daAuts
